 Dungeon Crawl Stone Soup version 0.31-a0-1059-g83d41fd8b6 (webtiles) character file.

Game seed: 16570551717813867041

19 kae the Vexing (level 2, 0/20 HPs)
             Began as a Demonspawn Enchanter on Nov 21, 2023.
             Slain by a hobgoblin (2 damage)
             ... on level 1 of the Dungeon.
             The game lasted 00:00:11 (217 turns).

kae the Vexing (Demonspawn Enchanter)                Turns: 217, Time: 00:00:11

Health: 0/20       AC:  2    Str:  8    XL:     2   Next: 55%
Magic:  5/5        EV: 12    Int: 16    God:
Gold:   9          SH:  0    Dex: 13    Spells: 5/5 levels left

rFire   . . .        a - +1 dagger
rCold   . . .        (no shield)
rNeg    . . .        b - +0 robe
rPois   .            (helmet restricted)
rElec   .            (no cloak)
rCorr   .            (no gloves)
SInv    .            (no boots)
Will    .....        (no amulet)
Stlth   ++           (no ring)
HPRegen 0.23/turn    (no ring)
MPRegen 0.09/turn

%: no passive effects
@: no status effects
A: horns 1
a: no special abilities


You were on level 1 of the Dungeon.
You visited 1 branch of the dungeon, and saw 1 of its levels.

You collected 9 gold pieces.


Innate Abilities, Weirdness & Mutations

You have a pair of small horns on your head.


   Skills:
 + Level 0.4 Fighting
 * Level 1.3 Short Blades
 + Level 2.0 Dodging
 + Level 2.8 Stealth
 + Level 2.1 Spellcasting
 * Level 3.2 Hexes


You had 5 spell levels left.
You didn't know any spells.
Your spell library contained the following spells:

 Spells                   Type           Power      Damage    Failure   Level
 Ensorcelled Hibernation  Hex/Ice        12%        N/A       16%         2
 Confusing Touch          Hex            12%        N/A       16%         3
 Tukima's Dance           Hex            12%        N/A       16%         3
 Blink                    Tloc           2%         N/A       30%         2
 Lesser Beckoning         Tloc           2%         N/A       30%         2
 Momentum Strike          Conj/Tloc      2%         3d8       30%         2
 Dazzling Flash           Conj/Hex       12%        N/A       30%         3

Inventory:

Hand Weapons
 a - a +1 dagger (weapon)
Missiles
 d - 3 boomerangs
 f - 9 stones
Armour
 b - a +0 robe (worn)
Potions
 c - 2 potions of invisibility
 e - a potion of enlightenment {unknown}

Dungeon Overview and Level Annotations

Branches:
Dungeon (1/15) Zot: 5784

Altars:

#.# ##### ####.. #...#
#....# #...# #.##.#
#...###$##.#+#########..
...............g@.......
#...###†##....########.#
######........#####
#...............#
...##.###....)...# #. #.
#........# .. ..
#..$.##...$. . .#.
#.#### ..... ..B. ..#
....


You could see a hobgoblin.


Message History

You puncture the bat!
You kill the bat!
No target in view!
You see here an orb of wrath.
No target in view!
No target in view!
You see here a bat corpse.
A bat comes into view.
A bat is nearby!
A bat is nearby!
A rat comes into view.
There are monsters nearby!
The helpless bat fails to defend itself.
You puncture the bat!
You kill the bat!
A goblin and a giant cockroach come into view.
You see here a bat corpse.
There are monsters nearby!
There are monsters nearby!
There are monsters nearby!
The helpless rat fails to defend itself.
You puncture the rat!
You kill the rat!
A goblin is nearby!
A jackal comes into view.
The jackal barks!
A jackal comes into view.
The jackal moves out of view.
A jackal and a quokka come into view.
The quokka moves out of view.
There are monsters nearby!
The goblin shouts!
The jackal barks!
The goblin misses you.
A hobgoblin comes into view.
You hit the goblin.
You kill the goblin!
The jackal bites you but does no damage.
There are monsters nearby!
You hit the jackal.
A hobgoblin comes into view.
The jackal bites you but does no damage.
The hobgoblin shouts!
You hit the jackal.
You kill the jackal!
Your Dodging skill increases to level 2! 😎 HP[+1]
You now have 20 max hp (+1).
Your hp is fully restored (20).
There are monsters nearby!
You hit the jackal but do no damage. Your headbutt misses the jackal.
The jackal misses you. The jackal barely misses you. The jackal bites you.
The jackal closely misses you.
You hit the jackal but do no damage. The jackal bites you.
The jackal misses you. The quokka bites you. 😮 HP[-8]
You take 8 damage, and now have 12/20 hp.
MASSIVE DAMAGE!! (PAUSE)
The jackal barely misses you. The jackal closely misses you.
The jackal attacks as it pursues you! The jackal barely misses you.
The jackal attacks as it pursues you! The jackal barely misses you.
The jackal bites you.
* * * LOW HITPOINT WARNING * * *
😨 HP[-3]
You take 3 damage, and now have 9/20 hp.
The jackal attacks as it pursues you! The jackal closely misses you. 😨 HP[+1]
The jackal bites you.
* * * LOW HITPOINT WARNING * * *
😨 HP[-2]
You take 2 damage, and now have 8/20 hp.
You hit the jackal. The jackal barely misses you.
You hit the jackal. The jackal closely misses you.
The jackal barely misses you. 😨 HP[+1]
You closely miss the jackal. Your headbutt misses the jackal.
The jackal bites you but does no damage.
You hit the jackal.
You kill the jackal!
You hit the quokka. The quokka bites you.
* * * LOW HITPOINT WARNING * * *
You hit the quokka.
You kill the quokka!
You hit the jackal. Your headbutt misses the jackal.
The jackal closely misses you. The jackal bites you.
* * * LOW HITPOINT WARNING * * *
You hit the jackal.
The jackal bites you but does no damage. 😱 HP[-4]
You take 4 damage, and now have 5/20 hp.
You hit the jackal.
You kill the jackal!
You hit the hobgoblin. The hobgoblin hits you.
* * * LOW HITPOINT WARNING * * *
You closely miss the hobgoblin.
The hobgoblin closely misses you. 😱 HP[-4]
You take 4 damage, and now have 1/20 hp.
You barely miss the hobgoblin. You headbutt the hobgoblin.
You kill the hobgoblin! 😱 HP[+1]
You hit the hobgoblin. The hobgoblin hits you.
You die...

Skill      XL: |  1  2 |
---------------+-------+-----
Short Blades   | 1 |  1.3
Dodging        | 2 |  2.0
Fighting       | |  0.4
Stealth        | |  2.8
Spellcasting   | |  2.1
Hexes          | |  3.2

Action                     || total
---------------------------++-------
  Melee: Dagger            ||    40
         Headbutt          ||     1
   Stab: Sleeping          ||     6
 Armour: Robe              ||    17
  Dodge: Dodged            ||    23

Levels and vault maps discovered:
D:1:      mushboom_english_gardens, layout_basic

Notes
Turn   | Place    | Note
-------+----------+-------------------------------------------
     0 | D:1      | kae the Demonspawn Enchanter began the quest for the Orb.
     0 | D:1      | Reached XP level 1. HP: 13/13 MP: 3/3
     0 | D:1      | magus.rc [v1.11.3]
    59 | D:1      | Reached skill level 1 in Short Blades
    66 | D:1      | You pick up a book of Spatial Translocations and begin
                  | reading...
    66 | D:1      | You add the spells Blink, Momentum Strike and Lesser
                  | Beckoning to your library.
   150 | D:1      | Gained mutation: You have a pair of small horns on your
                  | head. [demonic ancestry]
   150 | D:1      | Reached XP level 2. HP: 19/19 MP: 5/5
   198 | D:1      | Reached skill level 2 in Dodging
   211 | D:1      | HP: 5/20 [jackal (2)]
   214 | D:1      | HP: 1/20 [hobgoblin (4)]
   217 | D:1      | Slain by a hobgoblin

Vanquished Creatures
  A dart slug (D:1)
  An endoplasm (D:1)
  A goblin (D:1)
  2 hobgoblins (D:1)
  3 jackals (D:1)
  A quokka (D:1)
  A ball python (D:1)
  3 bats (D:1)
  A frilled lizard (D:1)
  2 rats (D:1)
16 creatures vanquished.

Table legend:
 A = Non-vault XP
 B = Vault XP
 C = Vault XP percentage of total XP
 D = Non-vault monster count
 E = Vault monster count
 F = Vault count percentage of total count
                 A         B        C        D         E       F
            +---------+---------+-------+---------+---------+-------
      Total |      28 |       0 |   0.0 |      16 |       0 |   0.0
            +---------+---------+-------+---------+---------+-------
        D:1 |      28 |       0 |   0.0 |      16 |       0 |   0.0
            +---------+---------+-------+---------+---------+-------

Skill      XL: |  1  2 |
---------------+-------+-----
Short Blades   | 1 |  1.3
Dodging        | 2 |  2.0
Fighting       | |  0.4
Stealth        | |  2.8
Spellcasting   | |  2.1
Hexes          | |  3.2

Action                     || total
---------------------------++-------
  Melee: Dagger            ||    40
         Headbutt          ||     1
   Stab: Sleeping          ||     6
 Armour: Robe              ||    17
  Dodge: Dodged            ||    23

Illustrated notes

Table legend:
 A = Kills in this place as a percentage of kills in the entire game.
 B = Kills by you in this place as a percentage of kills by you in the entire game.
 C = Kills by friends in this place as a percentage of kills by friends in the entire game.
 D = Other kills in this place as a percentage of other kills in the entire game.
 E = Experience gained in this place as a percentage of experience gained in the entire game.
 F = Experience gained in this place divided by the number of levels of this place that you have seen.
                   A       B       C       D       E      F
               +-------+-------+-------+-------+-------+----------------------
         Total | 100.0 | 100.0 |   N/A |   N/A | 100.0 |  28.0
       Dungeon | 100.0 | 100.0 |   N/A |   N/A | 100.0 |  28.0
               +-------+-------+-------+-------+-------+----------------------

Table legend: (Time is in decaauts)
 A = Elapsed time spent in this place.
 B = Non-inter-level travel time spent in this place.
 C = Inter-level travel time spent in this place.
 D = Time resting spent in this place.
 E = Time spent auto-exploring this place.
 F = Levels seen in this place.
 G = Mean time per level.
                   A        B        C        D        E       F      G
               +--------+--------+--------+--------+--------+-----+--------+
         Total |    214 |    214 |      0 |      0 |    121 |   1 |  214.0 |
       Dungeon |    214 |    214 |      0 |      0 |    121 |   1 |  214.0 |
               +--------+--------+--------+--------+--------+-----+--------+

Top non-repeatable levels by time:
     D:1: 214 daAuts
